 Dungeon Crawl Stone Soup version 0.30-a0-305-g026cb31310 (webtiles) character file.

Game seed: 7445087804949842516

457 greenreed the Caller (level 7, -1/51 HPs)
             Began as a Gnoll Summoner on Oct 21, 2022.
             Slain by a centaur
             ... wielding a +0 club
              (4 damage)
             ... on level 3 of the Dungeon.
             The game lasted 00:14:17 (3828 turns).

greenreed the Caller (Gnoll Summoner)               Turns: 3828, Time: 00:14:17

Health: -1/51      AC:  3    Str:  8    XL:     7   Next: 6%
Magic:  7/15       EV: 13    Int: 16    God:
Gold:   89         SH:  0    Dex: 12    Spells: 11/17 levels left

rFire   . . .      SeeInvis .    d - +0 spear
rCold   . . .      Faith    .    (no shield)
rNeg    . . .      Spirit   .    a - +0 robe
rPois   .          Reflect  .    (no helmet)
rElec   .          Harm     .    (no cloak)
rCorr   .          Rampage  .    (no gloves)
Will    .....                    n - +0 pair of boots
Stlth   +++.......               (no amulet)
HPRegen 0.28/turn                (no ring)
MPRegen 0.14/turn                (no ring)

@: no status effects
A: fangs 1, strong nose, distributed training
a: no special abilities


You were on level 3 of the Dungeon.
You visited 1 branch of the dungeon, and saw 3 of its levels.
You also visited: Sewer.

You collected 89 gold pieces.

Inventory:

Hand Weapons
 d - a +0 spear (weapon)
Missiles
 g - 28 poisoned darts
Armour
 a - a +0 robe (worn)
 n - a +0 pair of boots (worn)
 x - a +4 chain mail of positive energy
Magical Staves
 c - a staff of fire
Wands
 w - a wand of roots (3)
Scrolls
 f - 2 scrolls of immolation {unknown}
 h - 2 scrolls of enchant armour
 k - 3 scrolls of noise
 m - 2 scrolls of fog
 o - a scroll of magic mapping
 q - a scroll of torment
 r - a scroll of blinking {unknown}
 t - a scroll of summoning
 u - a scroll of fear {unknown}
 v - a scroll of brand weapon {unknown}
Potions
 b - 3 potions of magic
 e - a potion of haste {unknown}
 i - a potion of degeneration {unknown}
 j - a potion of curing {unknown}
 l - 2 potions of heal wounds {unknown}
 p - a potion of cancellation {unknown}
 s - a potion of mutation {unknown}


   Skills:
 + Level 2.3 Fighting
 + Level 2.3 Short Blades
 + Level 2.3 Long Blades
 + Level 2.3 Axes
 + Level 2.3 Maces & Flails
 + Level 2.3 Polearms
 + Level 2.3 Staves
 + Level 2.3 Ranged Weapons
 + Level 2.3 Throwing
 + Level 2.3 Armour
 + Level 5.1 Dodging
 + Level 4.8 Stealth
 + Level 2.3 Shields
 + Level 2.3 Unarmed Combat
 + Level 5.5 Spellcasting
 + Level 1.9 Conjurations
 + Level 1.9 Hexes
 + Level 7.4 Summonings
 + Level 1.9 Necromancy
 + Level 1.9 Translocations
 + Level 1.9 Transmutations
 + Level 1.9 Fire Magic
 + Level 1.9 Ice Magic
 + Level 1.9 Air Magic
 + Level 1.9 Earth Magic
 + Level 1.9 Poison Magic
 + Level 2.5 Invocations
 + Level 2.3 Evocations


You had 11 spell levels left.
You knew the following spells:

 Your Spells              Type           Power      Damage    Failure   Level
a - Summon Small Mammal   Summ           100%       N/A       1%          1
b - Call Imp              Summ           28%        N/A       1%          2
c - Call Canine Familiar  Summ           28%        N/A       1%          3

Your spell library contained the following spells:

 Spells                   Type           Power      Damage    Failure   Level
 Summon Guardian Golem    Hex/Summ       19%        N/A       6%          3
 Dazzling Flash           Conj/Hex       20%        N/A       21%         3
 Summon Lightning Spire   Summ/Air       19%        N/A       22%         4
 Agony                    Necr           10%        N/A       88%         5
 Silence                  Hex/Air        5%         N/A       88%         5


Dungeon Overview and Level Annotations

Branches:
Dungeon (3/15)              Sewer (visited)

Altars:


Innate Abilities, Weirdness & Mutations

You have very sharp teeth.
Your uncanny sense of smell can sniff out nearby items.
Your experience applies equally to all skills.


Message History

Your crimson imp barely misses the centaur.
You are too injured to fight recklessly!
You hit the centaur but do no damage.
The centaur is lightly wounded.
The centaur hits you with a +0 club!
* * * LOW HITPOINT WARNING * * *
The centaur closely misses you.
Your hound barely misses the centaur.
Your crimson imp hits the centaur.
The centaur closely misses you. The centaur barely misses you.
You barely miss the centaur. You bite the centaur, but do no damage.
The centaur is moderately wounded.
Your hound bites the centaur.
The centaur hits you with a +0 club.
* * * LOW HITPOINT WARNING * * *
The centaur kicks you but does no damage.
Your crimson imp blinks!
Your hound bites the centaur.
You hit the centaur but do no damage.
The centaur is moderately wounded.
The centaur closely misses you. The centaur kicks you.
* * * LOW HITPOINT WARNING * * *
Your hound bites the centaur.
The centaur completely misses you. The centaur closely misses you.
You hit the centaur.
The centaur is heavily wounded.
Your hound bites the centaur.
The centaur misses your hound. The centaur kicks your hound.
Your hound bites the centaur but does no damage.
You hit the centaur.
The centaur is severely wounded.
The centaur hits you with a +0 club.
* * * LOW HITPOINT WARNING * * *
The centaur closely misses you.
Your hound bites the centaur but does no damage.
The centaur hits you with a +0 club.
* * * LOW HITPOINT WARNING * * *
The centaur barely misses you.
Your crimson imp hits the centaur.
You hit the centaur but do no damage. Your bite misses the centaur.
The centaur is almost dead.
Your hound barely misses the centaur.
The centaur hits you with a +0 club.
You die...

#)#.#.#....######.## #
#)#.#.##.#.........###
∆
#...#.#.)#.######...##
#####.#..).#####......
c.#.#..........##...
#.#.#))############.
#.#.#..#### #.
#)#5##†...# #.
#hc@#..##.##########
######...........# #
#.#.........#
##.###.......# #..#
#.......# #
#.####.......###
#...............
################


You could see a centaur (ally target), a friendly hound (summoned) and a
friendly crimson imp (summoned).

Vanquished Creatures
  A kobold brigand (Sewer)
  An orc wizard (D:3)
  An adder (D:2)
  A worm (D:3)
  3 orcs (D:3)
  A ball python (Sewer)
  An endoplasm (Sewer)
  A giant cockroach (D:3)
  2 hobgoblins
  A quokka (D:2)
  A bat (D:1)
  6 kobolds
  12 rats
32 creatures vanquished.

Vanquished Creatures (collateral kills)
  2 kobold brigands (Sewer)
  2 orc priests (D:3)
  Ijyb (D:3)
  Robin (D:3)
  2 adders
  A river rat (Sewer)
  3 worms
  A dart slug (D:3)
  3 orcs (D:3)
  3 bats
  2 endoplasms
  3 giant cockroaches
  5 goblins (D:3)
  6 hobgoblins
  9 ball pythons
  3 frilled lizards
  7 kobolds
  14 rats
68 creatures vanquished.

Grand Total: 100 creatures vanquished

Notes
Turn   | Place    | Note
-------+----------+-------------------------------------------
     0 | D:1      | greenreed the Gnoll Summoner began the quest for the Orb.
     0 | D:1      | Reached XP level 1. HP: 13/13 MP: 6/6
   231 | D:1      | Reached XP level 2. HP: 19/19 MP: 3/7
   235 | D:1      | Learned a level 2 spell: Call Imp
  1195 | D:2      | Found a faded altar of an unknown god.
  1195 | D:2      | Noticed a golden eye
  1197 | D:2      | Noticed a floating eye
  1198 | D:2      | Noticed a floating eye
  1198 | D:2      | Noticed an eye of devastation
  1269 | D:2      | Reached skill level 5 in Spellcasting
  1269 | D:2      | Reached XP level 3. HP: 14/25 MP: 2/9
  1585 | D:2      | Reached skill level 1 in Invocations
  1672 | D:2      | Reached skill level 1 in Fighting
  1672 | D:2      | Reached skill level 1 in Short Blades
  1672 | D:2      | Reached skill level 1 in Long Blades
  1672 | D:2      | Reached skill level 1 in Axes
  1672 | D:2      | Reached skill level 1 in Maces & Flails
  1672 | D:2      | Reached skill level 1 in Polearms
  1672 | D:2      | Reached skill level 1 in Staves
  1672 | D:2      | Reached skill level 1 in Ranged Weapons
  1672 | D:2      | Reached skill level 1 in Throwing
  1672 | D:2      | Reached skill level 1 in Armour
  1672 | D:2      | Reached skill level 1 in Shields
  1672 | D:2      | Reached skill level 1 in Unarmed Combat
  1672 | D:2      | Reached skill level 1 in Evocations
  1783 | D:2      | Reached XP level 4. HP: 26/32 MP: 11/11
  2059 | D:3      | Found a glowing drain.
  2100 | Sewer    | Entered a sewer
  2136 | Sewer    | Noticed a kobold brigand
  2159 | Sewer    | Killed a kobold brigand
  2160 | Sewer    | Reached skill level 1 in Conjurations
  2160 | Sewer    | Reached skill level 1 in Hexes
  2160 | Sewer    | Reached skill level 1 in Necromancy
  2160 | Sewer    | Reached skill level 1 in Translocations
  2160 | Sewer    | Reached skill level 1 in Transmutations
  2160 | Sewer    | Reached skill level 1 in Fire Magic
  2160 | Sewer    | Reached skill level 1 in Ice Magic
  2160 | Sewer    | Reached skill level 1 in Air Magic
  2160 | Sewer    | Reached skill level 1 in Earth Magic
  2160 | Sewer    | Reached skill level 1 in Poison Magic
  2160 | Sewer    | Reached XP level 5. HP: 11/37 MP: 6/12
  2339 | Sewer    | Noticed a kobold brigand
  2382 | Sewer    | Killed a kobold brigand
  2383 | Sewer    | Reached XP level 6. HP: 18/44 MP: 6/13
  2722 | Sewer    | Reached skill level 5 in Dodging
  2738 | Sewer    | Learned a level 3 spell: Call Canine Familiar
  3205 | D:3      | Noticed Robin
  3222 | D:3      | Killed Robin
  3332 | D:3      | Noticed Ijyb
  3354 | D:3      | Killed Ijyb
  3790 | D:3      | Reached XP level 7. HP: 25/51 MP: 11/15
  3828 | D:3      | Slain by a centaur

Illustrated notes

Levels and vault maps discovered:
D:1:      tarquinn_simple_flora_water_f, layout_basic
D:2:      layout_basic, hellmonk_ecumenical_altar_watching_god, minmay_rat_hole
D:3:      layout_rooms, cheibrodos_sewer_entry_bend, eino_curves_03,
          grunt_ministairs_9, grunt_decor_cap, roderic_serpentine_path,
          kennysheep_boxes, uniq_robin, uniq_ijyb

Skill      XL: |  1  2  3  4  5  6 |
---------------+-------------------+-----
Spellcasting   | 5 |  5.5
Invocations    | 1 2 |  2.5
Fighting       | 1 2 |  2.3
Short Blades   | 1 2 |  2.3
Long Blades    | 1 2 |  2.3
Axes           | 1 2 |  2.3
Maces & Flails | 1 2 |  2.3
Polearms       | 1 2 |  2.3
Staves         | 1 2 |  2.3
Ranged Weapons | 1 2 |  2.3
Throwing       | 1 2 |  2.3
Armour         | 1 2 |  2.3
Shields        | 1 2 |  2.3
Unarmed Combat | 1 2 |  2.3
Evocations     | 1 2 |  2.3
Conjurations   | 1 |  1.9
Hexes          | 1 |  1.9
Necromancy     | 1 |  1.9
Translocations | 1 |  1.9
Transmutations | 1 |  1.9
Fire Magic     | 1 |  1.9
Ice Magic      | 1 |  1.9
Air Magic      | 1 |  1.9
Earth Magic    | 1 |  1.9
Poison Magic   | 1 |  1.9
Dodging        | 5 |  5.1
Stealth        | |  4.8
Summonings     | |  7.4

Action                   |  1- 3 |  4- 6 |  7- 9 || total
-------------------------+-------+-------+-------++-------
Melee: Spear             |    72 |   137 |     7 ||   216
       Bite              |     2 |    11 |     1 ||    14
       Punch             |     1 |     1 |       ||     2
 Cast: Summon Small Mamm |    27 |    17 |       ||    44
       Call Imp          |    10 |    19 |     2 ||    31
       Call Canine Famil |       |     6 |     2 ||     8
  Use: Scroll            |       |     6 |       ||     6
 Stab: Sleeping          |     3 |     4 |       ||     7
       Distracted        |       |     3 |       ||     3
Armor: Robe              |    10 |     8 |     3 ||    21
Dodge: Dodged            |    30 |    48 |    15 ||    93

Table legend: (Time is in decaauts)
 A = Elapsed time spent in this place.
 B = Non-inter-level travel time spent in this place.
 C = Inter-level travel time spent in this place.
 D = Time resting spent in this place.
 E = Time spent auto-exploring this place.
 F = Levels seen in this place.
 G = Mean time per level.
                   A        B        C        D        E       F      G
               +--------+--------+--------+--------+--------+-----+--------+
         Total |   3968 |   3837 |    131 |      0 |   2710 |   4 |  992.0 |
       Dungeon |   2955 |   2824 |    131 |      0 |   2146 |   3 |  985.0 |
         Sewer |   1012 |   1012 |      0 |      0 |    564 |   1 | 1012.0 |
               +--------+--------+--------+--------+--------+-----+--------+

Top non-repeatable levels by time:
     D:1: 1143 daAuts
   Sewer: 1012 daAuts
     D:3: 913 daAuts
     D:2: 898 daAuts
